 Dungeon Crawl Stone Soup version 0.24.1-8-ga250c9d538 (webtiles) character file.

Game seed: 4405692265088191872, levelgen mode: deterministic

941 Curus the Spear-Bearer (level 8, -1/56 HPs)
             Began as a Merfolk Gladiator on May 3, 2020.
             Slain by an orc warrior
             ... wielding a +0 trident
              (18 damage)
             ... on level 6 of the Dungeon.
             The game lasted 00:25:55 (3730 turns).

Curus the Spear-Bearer (Merfolk Gladiator)          Turns: 3730, Time: 00:25:56

Health: -1/56      AC: 10    Str: 17    XL:     8   Next: 12%
Magic:  8/8        EV: 13    Int:  7    God:
Gold:   385        SH:  0    Dex: 18    Spells: 7/7 levels left

rFire    . . .     SeeInvis +   a - +1 trident
rCold    . . .     Gourm    .   (no shield)
rNeg     . . .     Faith    .   q - +1 ring mail of the Queen of Pentacles {rF+ rC- rCorr Str+3}
rPois    .         Spirit   .   c - +1 helmet
rElec    .         Reflect  .   (no cloak)
rCorr    +         Harm     .   k - +1 pair of gloves
MR       .....                  (no boots)
Stlth    +.........             m - amulet of rage
HPRegen  0.18/turn              l - ring of ice
MPRegen  0.11/turn              j - ring of see invisible

@: no status effects
A: change form in water, swift swim, stealthy swim
a: Evoke Berserk Rage


You were on level 6 of the Dungeon.
You were very hungry.

You visited 1 branch of the dungeon, and saw 6 of its levels.

You collected 385 gold pieces.

Inventory:

Hand Weapons
 a - a +1 trident (weapon)
Missiles
 d - 3 throwing nets (quivered)
Armour
 b - a +0 leather armour
 c - a +1 helmet (worn)
 k - a +1 pair of gloves (worn)
 q - the +1 ring mail of the Queen of Pentacles (worn) {rF+ rC- rCorr Str+3}
   (You found it on level 5 of the Dungeon)

   It affects your strength (+3).
   It protects you from fire.
   It makes you vulnerable to cold.
   It provides partial protection from all sources of acid and corrosion.
Jewellery
 e - an uncursed ring of resist corrosion
 g - a +3 ring of strength
 i - an uncursed ring of magical power
 j - a ring of see invisible (right hand)
 l - a ring of ice (left hand)
 m - an amulet of rage (around neck)
 t - an uncursed ring of attention
Wands
 r - a wand of flame (21)
 v - a wand of iceblast (6)
Scrolls
 h - 3 scrolls of remove curse
 p - 5 scrolls of identify
 s - 3 scrolls of teleportation
Potions
 n - 2 potions of brilliance
 o - a potion of agility
 u - a potion of berserk rage
Comestibles
 f - 13 rations


   Skills:
 - Level 2.1 Fighting
 + Level 13.1 Polearms
 - Level 2.0 Throwing
 - Level 4.0 Dodging


You had 7 spell levels left.
You didn't know any spells.
Your spell library contained the following spells:

 Spells                   Type           Power        Failure   Level  Hunger
 Magic Dart               Conj           #...         65%         1    ##.....
 Blink                    Tloc           N/A          78%         2    ###....
 Call Imp                 Summ           #.......     78%         2    ###....
 Slow                     Hex            #.......     78%         2    ###....
 Conjure Flame            Conj/Fire      #.......     95%         3    ####...
 Mephitic Cloud           Conj/Pois/Air  #.......     95%         3    ####...


Dungeon Overview and Level Annotations

Branches:
Dungeon (6/15)
 Temple: D:4-7

Altars:
Hepliaklqana

Annotations:
D:6 2 transporters, Tinylith's ghost, novice NaIE


Message History

The orc warrior is lightly wounded.
The orc hits you from afar with a +0 trident.
Attack whom?
Press: ? - help, Dir - move target cursor, f/p - orc warrior
Aim: an orc warrior, wielding a +0 trident and wearing a +0 chain mail (lightly wounded)
You reach to attack!
You barely miss the orc warrior.
The orc warrior is lightly wounded.
The orc warrior barely misses you.
You closely miss the orc. The orc closely misses you. x2
You barely miss the orc.
The orc warrior hits you from afar with a +0 trident!
You puncture the orc!
You kill the orc!
The orc hits you from afar with a +0 trident.
* * * LOW HITPOINT WARNING * * *
The orc warrior barely misses you. The orc completely misses you.
The orc warrior closely misses you.
There is a stone staircase leading up here.
The orc warrior hits you from afar with a +0 trident!!
You die...

.....#.†..##.................#
.....#....##.................###
.....##...##...................#.
....##....##.....................
....##..#..#.....................
....##..#.....#.........#........
....##..#.#...#........##....####
...####.#.###.....o....###....#
...###....##....@.o..........##
...#.##.....#.##.....##..#....#
#...........#.......##...###..#
##.....).................# ###
#...............#.....#.##
#...............#.....#.##
...................#.....#
.............(.....#.........
.....#...............##......


You could see an orc warrior and an orc.

Vanquished Creatures
  Sigmund (D:4)
  An ice beast (D:3)
  A sky beast (D:6)
  An ogre (D:4)
  A bullfrog (D:6)
  A scorpion (D:5)
  2 crimson imps (D:6)
  A bullfrog zombie (D:6)
  A hound (D:6)
  2 orc wizards (D:3)
  2 iguanas
  A hound skeleton (D:4)
  A howler monkey skeleton (D:6)
  5 adders
  2 worms (D:3)
  7 dart slugs
  2 leopard geckos
  5 orcs
  A ball python (D:1)
  2 giant cockroaches
  8 goblins
  9 hobgoblins
  4 jackals (D:4)
  A quokka (D:5)
  8 bats
  5 frilled lizards
  A jackal zombie (D:6)
  8 kobolds
  A quokka skeleton (D:4)
  6 rats
91 creatures vanquished.

Notes
Turn   | Place    | Note
-------+----------+-------------------------------------------
     0 | D:1      | Curus the Merfolk Gladiator began the quest for the Orb.
     0 | D:1      | Reached XP level 1. HP: 16/16 MP: 1/1
    12 | D:1      | Reached skill level 5 in Polearms
    46 | D:1      | Reached XP level 2. HP: 19/22 MP: 2/2
   446 | D:1      | Reached skill level 6 in Polearms
   446 | D:1      | Reached XP level 3. HP: 27/27 MP: 3/3
  1054 | D:2      | Reached XP level 4. HP: 31/33 MP: 4/4
  1062 | D:2      | Reached skill level 7 in Polearms
  1243 | D:3      | Noticed an ice beast
  1609 | D:3      | Killed an ice beast
  1609 | D:3      | Reached skill level 8 in Polearms
  1609 | D:3      | Reached XP level 5. HP: 27/38 MP: 5/5
  1652 | D:3      | Reached skill level 9 in Polearms
  1697 | D:3      | Reached XP level 6. HP: 23/44 MP: 6/6
  2085 | D:4      | Noticed Sigmund
  2096 | D:4      | Killed Sigmund
  2096 | D:4      | Reached skill level 10 in Polearms
  2323 | D:4      | Reached skill level 11 in Polearms
  2323 | D:4      | Reached XP level 7. HP: 50/50 MP: 7/7
  2825 | D:5      | Entered Level 5 of the Dungeon
  2833 | D:5      | Got a pitted ring mail
  2849 | D:5      | Identified the +1 ring mail of the Queen of Pentacles {rF+
                  | rC- rCorr Str+3} (You found it on level 5 of the Dungeon)
  3089 | D:5      | Found a hazy altar of Hepliaklqana.
  3408 | D:6      | Reached skill level 12 in Polearms
  3517 | D:6      | Reached XP level 8. HP: 46/56 MP: 8/8
  3538 | D:6      | Noticed Tinylith's ghost (novice NaIE)
  3540 | D:6      | Found a transporter.
  3540 | D:6      | Noticed a manticore
  3558 | D:6      | Found a transporter.
  3660 | D:6      | Reached skill level 13 in Polearms
  3730 | D:6      | Slain by an orc warrior

Levels and vault maps discovered:
D:1:      dpeg_arrival_oval, layout_basic, hangedman_glass_teeth,
          bh_walls_and_bars
D:2:      layout_rooms, st_stairs_8
D:3:      layout_rooms
D:4:      layout_basic, uniq_sigmund
D:5:      layout_gridville, first_ration, basic_altar, chequers_avenue
D:6:      layout_cave_pools, gammafunk_ghost_arena, grunt_tough_drop

Skill      XL: |  1  2  3  4  5  6  7  8 |
---------------+-------------------------+-----
Polearms       | 5 6 8 9 11 12 13 | 13.1
Fighting       | |  2.1
Throwing       | |  2.0
Dodging        | |  4.0

Action                   |  1- 3 |  4- 6 |  7- 9 || total
-------------------------+-------+-------+-------++-------
Melee: Trident           |   121 |   138 |    97 ||   356
 Abil: Evoke Berserk Rag |       |     1 |       ||     1
  Use: Potion            |     5 |     2 |     1 ||     8
       Scroll            |     4 |     3 |     3 ||    10
 Stab: Sleeping          |       |     2 |       ||     2
  Eat: Chunk             |     1 |     5 |     3 ||     9
Armor: Leather armour    |    34 |    32 |     1 ||    67
       Ring mail         |       |       |    10 ||    10
Dodge: Dodged            |    76 |    56 |    29 ||   161
